 Dungeon Crawl Stone Soup version 0.30-a0-912-ge10d75a369 (webtiles) character file.

Game seed: 8899802562882137974

61 Grim the Grave Robber (level 4, -3/33 HPs)
             Began as a Ghoul Necromancer on Mar 19, 2023.
             Slain by Sigmund
             ... wielding a +0 scythe
              (11 damage)
             ... on level 3 of the Dungeon.
             The game lasted 00:03:42 (2083 turns).

Grim the Grave Robber (Ghoul Necromancer)           Turns: 2083, Time: 00:03:42

Health: -3/33      AC:  3    Str: 11    XL:     4   Next: 7%
Magic:  1/5        EV: 12    Int: 12    God:
Gold:   154        SH:  0    Dex:  9    Spells: 5/6 levels left

rFire   . . .      SeeInvis .      - Unarmed
rCold   + . .      Faith    .    (no shield)
rNeg    + + +      Spirit   .    a - +0 robe
rPois   ∞          Reflect  .    (no helmet)
rElec   .          Rampage  .    g - +0 cloak
rCorr   .                        (no gloves)
Will    .....                    (no boots)
Stlth   +                        (no amulet)
HPRegen 0.00/turn                (no ring)
MPRegen 0.09/turn                (no ring)

@: confused, inhibited regen
A: claws 1, cold resistance 1, negative energy resistance 3, inhibited
regeneration, torment resistance 2, devour on kill
a: no special abilities


You were on level 3 of the Dungeon.
You visited 1 branch of the dungeon, and saw 3 of its levels.

You collected 154 gold pieces.

Inventory:

Armour
 a - a +0 robe (worn)
 g - a +0 cloak (worn)
Scrolls
 d - a scroll of poison
 e - a scroll of vulnerability {unknown}
 i - a scroll of immolation {unknown}
 j - 2 scrolls of teleportation
 k - a scroll of fog {unknown}
 m - a scroll of acquirement {unknown}
 n - a scroll of fear {unknown}
Potions
 b - a potion of magic
 c - a potion of flight {unknown}
 f - a potion of degeneration {!q}
 h - 2 potions of curing
 l - a potion of brilliance


   Skills:
 - Level 1.7 Dodging
 - Level 2.1 Stealth
 + Level 2.0 Unarmed Combat
 - Level 1.7 Spellcasting
 * Level 5.0 Necromancy


You had 5 spell levels left.
You knew the following spells:

 Your Spells              Type           Power      Damage    Failure   Level
a - Necrotise             Necr           52%        1d6       3%          1

Your spell library contained the following spells:

 Spells                   Type           Power      Damage    Failure   Level
 Vampiric Draining        Necr           13%        2d6       11%         3
 Animate Dead             Necr           13%        N/A       34%         4
 Inner Flame              Hex/Fire       1%         N/A       63%         3
 Agony                    Necr           13%        N/A       67%         5
 Cause Fear               Hex            0%         N/A       95%         4
 Discord                  Hex            0%         N/A       100%        8


Dungeon Overview and Level Annotations

Branches:
Dungeon (3/15)

Altars:

Annotations:
D:3 Grinder, Sigmund


Innate Abilities, Weirdness & Mutations

You are immune to poison.
You have sharp fingernails.
Your flesh is cold resistant. (rC+)
You are immune to negative energy. (rN+++)
You do not regenerate when monsters are visible.
You are immune to unholy pain and torment.
You thrive by killing the living.


Message History

Confirm with . or Enter, or press ? or * to list all spells.
Aiming: Necrotise (safe; 3% risk of failure)
Press: ? - help, Shift-Dir - straight line, f/p - Sigmund
Aim: Sigmund, wielding a +0 scythe and wearing a +0 robe (lightly wounded, chance to affect: 76%) Sigmund writhes in agony.
Casting: Necrotise (safe; 3% risk of failure)
Confirm with . or Enter, or press ? or * to list all spells.
Aiming: Necrotise (safe; 3% risk of failure)
Press: ? - help, Shift-Dir - straight line, f/p - Sigmund
Aim: Sigmund, wielding a +0 scythe and wearing a +0 robe (moderately wounded, chance to affect: 76%) Sigmund writhes in agony.
Sigmund hits you but does no damage. The orc closely misses you.
The rat bites you.
Sigmund says, "Now you see me, now you don't..."
The orc hits you with a +0 dagger.
You scratch the orc.
The orc is moderately wounded.
The rat bites you but does no damage. The orc hits you with a +0 dagger.
* * * LOW HITPOINT WARNING * * *
Sigmund hits you but does no damage.
You barely miss the orc.
The orc is moderately wounded.
The rat bites you but does no damage. The orc completely misses you.
You scratch the orc.
The orc is almost dead.
Sigmund hits you from afar with a +0 scythe!
* * * LOW HITPOINT WARNING * * *
The rat bites you but does no damage. The orc barely misses you.
You scratch the orc.
You kill the orc!
The rat barely misses you. Sigmund gestures at you while chanting.
You are confused.
The rat closely misses you.
Sigmund hits you from afar with a +0 scythe.
* * * LOW HITPOINT WARNING * * *
You're too confused to move!
The rat bites you but does no damage.
You miss the rat.
Sigmund hits you from afar with a +0 scythe!
You die...

.................##
...............#...
........######.....
........## #####
......#†.####
...##.......#
....#.##.##.# .
.....#..#@####
#......@r....####
###.......).......
#...............
#..........####.
#..####.#..## ...#
#.#.... ###
#....... #...####
## ..


You could see Sigmund and a rat.

Vanquished Creatures
  An adder (D:2)
  2 worms (D:2)
  2 dart slugs (D:1)
  An orc (D:3)
  3 endoplasms
  5 goblins
  3 hobgoblins
  5 jackals (D:2)
  A quokka (D:1)
  3 ball pythons
  7 bats
  A frilled lizard (D:3)
  3 kobolds (D:1)
  3 rats
40 creatures vanquished.

Vanquished Creatures (others)
  A plant (D:1)
1 creature vanquished.

Grand Total: 41 creatures vanquished

Notes
Turn   | Place    | Note
-------+----------+-------------------------------------------
     0 | D:1      | Grim the Ghoul Necromancer began the quest for the Orb.
     0 | D:1      | Reached XP level 1. HP: 14/14 MP: 2/2
   362 | D:1      | Reached XP level 2. HP: 10/20 MP: 0/3
   552 | D:1      | Found a faded altar of an unknown god.
   562 | D:1      | Reached skill level 1 in Unarmed Combat
  1130 | D:2      | Reached XP level 3. HP: 26/26 MP: 0/4
  1885 | D:3      | Noticed Grinder
  1915 | D:3      | Reached skill level 5 in Necromancy
  1970 | D:3      | Reached XP level 4. HP: 33/33 MP: 0/5
  2067 | D:3      | Noticed Sigmund
  2083 | D:3      | Slain by Sigmund

Illustrated notes

Levels and vault maps discovered:
D:1:      dpeg_arrival_arbitrary_a, layout_basic,
          dreamdust_ecumenical_altar_grove, minmay_misc_feat_rugged
D:2:      layout_basic
D:3:      layout_rooms, mainiacjoe_overflow_paths, uniq_grinder, uniq_sigmund

Skill      XL: |  1  2  3 |
---------------+----------+-----
Unarmed Combat | 1 2 |  2.0
Necromancy     | 5 |  5.0
Dodging        | |  1.7
Stealth        | |  2.1
Spellcasting   | |  1.7

Action                     |  1- 3 |  4- 6 || total
---------------------------+-------+-------++-------
  Melee: Unarmed           |   117 |     7 ||   124
         Punch             |     2 |       ||     2
   Cast: Necrotise         |    35 |     5 ||    40
    Use: Scroll            |     5 |       ||     5
   Stab: Sleeping          |     4 |     2 ||     6
 Armour: Robe              |    25 |     6 ||    31
  Dodge: Dodged            |    60 |     7 ||    67

Table legend: (Time is in decaauts)
 A = Elapsed time spent in this place.
 B = Non-inter-level travel time spent in this place.
 C = Inter-level travel time spent in this place.
 D = Time resting spent in this place.
 E = Time spent auto-exploring this place.
 F = Levels seen in this place.
 G = Mean time per level.
                   A        B        C        D        E       F      G
               +--------+--------+--------+--------+--------+-----+--------+
         Total |   2079 |   1995 |     84 |    346 |   1295 |   3 |  693.0 |
       Dungeon |   2079 |   1995 |     84 |    346 |   1295 |   3 |  693.0 |
               +--------+--------+--------+--------+--------+-----+--------+

Top non-repeatable levels by time:
     D:1: 1089 daAuts
     D:2: 792 daAuts
     D:3: 198 daAuts
